 Dungeon Crawl Stone Soup version 0.30-a0-368-g86fb4627a9 (webtiles) character file.

Game seed: 17694472312218464013

115 oldriver the Vexing (level 5, -2/38 HPs)
             Began as a Formicid Hexslinger on Nov 19, 2022.
             Slain by a gnoll
             ... wielding a +0 whip
              (4 damage)
             ... on level 4 of the Dungeon.
             The game lasted 00:03:04 (2646 turns).

oldriver the Vexing (Formicid Hexslinger)           Turns: 2646, Time: 00:03:05

Health: -2/38      AC:  3    Str: 12 (15) XL:     5   Next: 20%
Magic:  8/8        EV: 12    Int: 10 (12) God:
Gold:   173        SH:  0    Dex: 14 (16) Spells: 4/8 levels left

rFire   + . .      SeeInvis +    a - +1 sling
rCold   + . .      Faith    .    (no shield)
rNeg    . . .      Spirit   .    c - +0 robe
rPois   +          Reflect  .    (helmet unavailable)
rElec   +          Harm     .    o - +0 cloak
rCorr   +          Rampage  .    (no gloves)
Will    .....                    (no boots)
Stlth   ++........               (no amulet)
HPRegen 0.26/turn                k - ring of poison resistance
MPRegen 0.11/turn                (no ring)

@: resistant
A: permanent stasis, dig shafts and tunnels, antennae 3, four strong arms,
talons 1, devolution 1
a: Dig, Shaft Self


You were on level 4 of the Dungeon.
You visited 1 branch of the dungeon, and saw 4 of its levels.

You collected 173 gold pieces.

Inventory:

Hand Weapons
 a - a +1 sling (weapon)
Armour
 c - a +0 robe (worn)
 o - a +0 cloak (worn)
Jewellery
 k - a ring of poison resistance (left hand)
Scrolls
 b - a scroll of poison
 d - 3 scrolls of amnesia {unknown}
 e - a scroll of enchant weapon {unknown}
 g - 3 scrolls of identify {unknown}
 h - 3 scrolls of fog {unknown}
 i - 2 scrolls of teleportation {unknown}
 m - a scroll of noise {unknown}
 n - a scroll of vulnerability {unknown}
 t - 3 scrolls of fear {unknown}
 u - a scroll of immolation {unknown}
Potions
 f - a potion of cancellation {unknown}
 j - a potion of curing {unknown}
 l - a potion of berserk rage {unknown}
 p - a potion of degeneration


   Skills:
 + Level 2.2 Fighting
 + Level 2.7 Ranged Weapons
 + Level 2.4 Dodging
 + Level 2.1 Stealth
 + Level 2.0 Spellcasting
 + Level 4.2 Hexes


You had 4 spell levels left.
You knew the following spells:

 Your Spells              Type           Power      Damage    Failure   Level
a - Slow                  Hex            36%        N/A       5%          1
b - Portal Projectile     Hex/Tloc       10%        N/A       36%         3

Your spell library contained the following spells:

 Spells                   Type           Power      Damage    Failure   Level
 Beastly Appendage        Tmut           2%         N/A       30%         1
 Dazzling Flash           Conj/Hex       10%        N/A       36%         3
 Inner Flame              Hex/Fire       5%         N/A       36%         3
 Cigotuvi's Dreadful Rot  Necr/Pois/Air  2%         N/A       43%         2
 Wereblood                Tmut           1%         N/A       43%         2
 Cause Fear               Hex            4%         N/A       50%         4
 Spider Form              Tmut/Pois      1%         N/A       67%         3
 Dispel Undead            Necr           1%         3d6       97%         4
 Silence                  Hex/Air        2%         N/A       98%         5
 Agony                    Necr           1%         N/A       100%        5
 Death Channel            Necr           0%         N/A       100%        6


Dungeon Overview and Level Annotations

Branches:
Dungeon (4/15)
 Temple: D:4-7

Altars:

Shops:
D:3 =


Innate Abilities, Weirdness & Mutations

You cannot be hasted, slowed, berserked, paralysed or teleported.
You can dig through walls and to a lower floor.
You have a pair of large antennae on your head. (SInv)
Your four strong arms can wield two-handed weapons with a shield.
You have sharp toenails.
You have hidden genetic defects.


Message History

You feel weakened.
You feel dopey.
You feel clumsy. The gnoll hits you with a +0 whip.
* * * LOW HITPOINT WARNING * * *
Unknown command.
It was a potion of mutation.
You feel extremely strange.
Your toenails lengthen and sharpen.
You feel a hidden malignance growing inside you.
The gnoll closely misses you.
It was a potion of ambrosia.
You are confused.
You feel invigorated. The gnoll hits you with a +0 whip.
* * * LOW HITPOINT WARNING * * *
Unknown command.
It was a potion of resistance.
You feel protected. The gnoll barely misses you.
You shoot a sling bullet. The gnoll hits you with a +0 whip.
* * * LOW HITPOINT WARNING * * *
Unknown command.
The gnoll hits you with a +0 whip.
* * * LOW HITPOINT WARNING * * *
You shoot a sling bullet.
You hear an angry hiss.
The gnoll hits you with a +0 whip.
You shoot a sling bullet. The gnoll hits you with a +0 whip.
An adder comes into view.
You shoot a sling bullet. The gnoll hits you with a +0 whip.
The gnoll hits you with a +0 whip!
* * * LOW HITPOINT WARNING * * *
You shoot a sling bullet.
You feel less invigorated.
You feel less confused. The gnoll hits you with a +0 whip!
* * * LOW HITPOINT WARNING * * *
Fire: a) +1 sling
Press: ? - help, Shift-Dir - straight line, f/p - gnoll
Aim: a gnoll, wielding a +0 whip (moderately wounded, 63% to hit)
You shoot a sling bullet. The sling bullet hits the gnoll.
The gnoll is severely wounded.
The gnoll hits you with a +0 whip.
You die...

.. ...# #. #..# ##.##
#..# ###...#### #..#
........###..#
#.#.##.#.#..###########
#...##..#.............#
#..).)......########.#
#...g@......# #.#
#.###S......# #.# ...
#.###...# #.# ##.. [..#
#...########.# #..###.#
#.#.##.....>)# { .?.
... ..#.##.####### ###.
###.###.##.# #.# #.#


You could see a gnoll and an adder.

Vanquished Creatures
  3 gnolls
  2 adders (D:2)
  A worm (D:2)
  An orc (D:3)
  4 bats
  7 endoplasms
  7 giant cockroaches
  6 goblins
  5 hobgoblins
  3 jackals (D:1)
  3 quokkas
  5 ball pythons
  3 frilled lizards
  4 kobolds
  5 rats
59 creatures vanquished.

Notes
Turn   | Place    | Note
-------+----------+-------------------------------------------
     0 | D:1      | oldriver the Formicid Hexslinger began the quest for the
                  | Orb.
     0 | D:1      | Reached XP level 1. HP: 15/15 MP: 2/2
   142 | D:1      | Reached XP level 2. HP: 21/21 MP: 3/3
   420 | D:1      | Reached XP level 3. HP: 26/26 MP: 5/5
   514 | D:1      | Reached skill level 1 in Stealth
   712 | D:2      | Reached skill level 4 in Hexes
   718 | D:2      | Reached XP level 4. HP: 2/33 MP: 6/6
  1018 | D:2      | Learned a level 3 spell: Portal Projectile
  1889 | D:3      | Found Donk's Jewellery Shoppe.
  2465 | D:4      | Identified the +8 mace of Huprun {vorpal, Str+7}
  2588 | D:4      | Reached XP level 5. HP: 38/38 MP: 5/7
  2636 | D:4      | Gained mutation: You have sharp toenails. [potion of
                  | mutation]
  2636 | D:4      | Gained mutation: You have hidden genetic defects. [potion
                  | of mutation]
  2637 | D:4      | HP: 1/38 [gnoll/+0 whip (6)]
  2646 | D:4      | Slain by a gnoll

Illustrated notes

Levels and vault maps discovered:
D:1:      spicycebolla_green_bress_n_ham, layout_basic
D:2:      layout_rooms
D:3:      layout_basic, serial_shops, shop
D:4:      layout_loops_ring, uniq_eustachio, uniq_duvessa

Skill      XL: |  1  2  3  4  5 |
---------------+----------------+-----
Dodging        | 2 |  2.4
Stealth        | 1 2 |  2.1
Hexes          | 4 |  4.2
Fighting       | 2 |  2.2
Spellcasting   | 2 |  2.0
Ranged Weapons | |  2.7

Action                   |  1- 3 |  4- 6 || total
-------------------------+-------+-------++-------
 Fire: Sling             |    61 |   116 ||   177
 Cast: Slow              |       |    28 ||    28
  Use: Potion            |       |     4 ||     4
Armor: Robe              |     2 |    14 ||    16
Dodge: Dodged            |    17 |    29 ||    46

Table legend: (Time is in decaauts)
 A = Elapsed time spent in this place.
 B = Non-inter-level travel time spent in this place.
 C = Inter-level travel time spent in this place.
 D = Time resting spent in this place.
 E = Time spent auto-exploring this place.
 F = Levels seen in this place.
 G = Mean time per level.
                   A        B        C        D        E       F      G
               +--------+--------+--------+--------+--------+-----+--------+
         Total |   2695 |   2597 |     98 |    251 |   1938 |   4 |  673.8 |
       Dungeon |   2695 |   2597 |     98 |    251 |   1938 |   4 |  673.8 |
               +--------+--------+--------+--------+--------+-----+--------+

Top non-repeatable levels by time:
     D:1: 934 daAuts
     D:3: 835 daAuts
     D:2: 623 daAuts
     D:4: 302 daAuts
